 Dungeon Crawl Stone Soup version bcrawl-1.19-7-g22fd707d3b (webtiles) character file.

Game seed: 11477043758072480567

3638 Morbidden the Thaumaturge (level 9, 0/74 HPs)
             Began as a Djinni Conjurer on Nov 17, 2019.
             Slain by Harold
             ... wielding a +1 trident of piercing
              (3 damage)
             ... on level 8 of the Dungeon.
             The game lasted 00:27:35 (9748 turns).

Morbidden the Thaumaturge (Djinni Conjurer)         Turns: 9748, Time: 00:27:36

Health: 0/74       AC: 11    Str: 11    XL:     9   Next: 87%
Magic:  3/23       EV: 11    Int: 21    God:
Gold:   555        SH:  4    Dex: 11    Spells: 25/29 levels left

rFire    . . .     SeeInvis .   j - +4 short sword (elec)
rCold    . . .     Gourm    .   u - +0 buckler
rNeg     . . .     Faith    .   b - +3 ring mail {rPois}
rPois    +         Spirit   .   (no helmet)
rElec    .         Reflect  .   k - +0 cloak
rCorr    .         Harm     .   s - +0 pair of gloves
MR       .....     Rnd*Rage +   (boots unavailable)
Stlth    +.........             (no amulet)
HPRegen  0.22/turn              (no ring)
MPRegen  0.18/turn              (no ring)

@: berserk cooldown, flying, hasted, very quick
A: never pass out, berserk 2, blink, blurry vision 2, wild magic 3, MP-powered
wands, floating
a: Blink


You were on level 8 of the Dungeon.
You were not hungry.

You visited 2 branches of the dungeon, and saw 9 of its levels.
You also visited: Sewer.

You collected 600 gold pieces.
You spent 45 gold pieces at shops.

Inventory:

Hand Weapons
 j - a +4 short sword of electrocution (weapon)
Armour
 a - a +0 robe
 b - a +3 ring mail of poison resistance (worn)
 k - a +0 cloak (worn)
 s - a +0 pair of gloves (worn)
 u - a +0 buckler (worn)
Jewellery
 c - an uncursed amulet of rage {unknown}
 n - an uncursed amulet of guardian spirit
 p - an uncursed ring of see invisible {unknown}
 r - an uncursed ring of fire
 x - an uncursed ring of flight {unknown}
Wands
 t - a wand of digging (5)
 y - a wand of scattershot (2)
 A - a wand of polymorph (8)
Scrolls
 f - 3 scrolls of identify
 l - a scroll of magic mapping
 o - a scroll of enchant armour
 v - a scroll of noise {unknown}
 w - a scroll of remove curse
 z - a scroll of amnesia {unknown}
 B - a scroll of teleportation
Potions
 e - 3 potions of heal wounds
 g - 6 potions of curing
 h - a potion of cancellation
 i - 4 potions of brilliance
 q - 5 potions of flight
Comestibles
 d - 14 rations {!d}
 C - 3 chunks of flesh


   Skills:
 * Level 5.3 Fighting
 + Level 3.0 Short Blades
   Level 0.1(2.0) Long Blades
   Level 0.4 Maces & Flails
 + Level 3.4 Armour
 + Level 3.2 Dodging
 - Level 1.5 Stealth
 * Level 3.0 Shields
 + Level 0.3 Unarmed Combat
 * Level 10.7 Spellcasting
 * Level 9.7 Conjurations


You had 25 spell levels left.
You knew the following spells:

 Your Spells              Type           Power        Failure   Level  Hunger
a - Magic Dart            Conj           ####         3%          1    None
b - Iskenderun's Mystic   Conj           #######.     6%          3    None

Your spell library contained the following spells:

 Spells                   Type           Power        Failure   Level  Hunger
 Searing Ray              Conj           ######       4%          2    None
 Dazzling Spray           Conj/Hex       ######       21%         3    None
 Apportation              Tloc           ###...       38%         1    None
 Infusion                 Chrm           ###.....     38%         1    None
 Sandblast                Erth           ###...       38%         1    None
 Slow                     Hex            ###.....     38%         1    None
 Summon Butterflies       Summ           ###.....     38%         1    None
 Fulminant Prism          Conj/Hex       ######....   47%         4    ##.....
 Confuse                  Hex            ###.....     69%         3    None
 Irradiate                Conj/Tmut      ######....   77%         5    ####...
 Petrify                  Tmut/Erth      ###.....     95%         4    ##.....
 Yara's Violent Unravell  Hex/Tmut       ###.......   95%         4    ##.....
 Metabolic Englaciation   Hex/Ice        ###.......   100%        5    ####...
 Mana Rupture             Conj/Hex       ######....   100%        7    #######


Dungeon Overview and Level Annotations

Branches:
Dungeon (8/12)             Temple (1/1) D:7            Lair (0/6) D:7
    Orc: D:8-11

Altars:
Cheibriados
Fedhas
Gozag
Hepliaklqana
Kikubaaqudgha
Makhleb
Nemelex Xobeh
Okawaru
Qazlal
Ru
Sif Muna
Trog
Uskayaw
Wu Jian
Xom
Yredelemnul
Zin
The Shining One

Shops:
D:5 !   D:6 *

Annotations:
D:8 Harold


Innate Abilities, Weirdness & Mutations

You never pass out after going berserk.
You often lose your temper in combat.
You can translocate small distances at will.
Scrolls take you longer to read.
Your spells are much harder to cast, but much more powerful.
You expend magic power (3 MP) to strengthen your wands.
Your body floats in the air.


Message History

You feel magically purged.
Your magical contamination has completely faded away.
You feel yourself speed up. You block the centaur's attack.
Harold barely misses you.
A worker ant zombie comes into view.
The centaur hits you but does no damage.
Harold hits you from afar with a +1 trident of piercing!
The worker ant zombie moves out of view.
You hit the centaur.
The centaur is lightly wounded.
The centaur hits you but does no damage. x2
Harold hits you from afar with a +1 trident of piercing!
* * * LOW HITPOINT WARNING * * *
x2 Unknown command.
It was a potion of haste.
You feel yourself speed up. The centaur closely misses you.
The centaur hits you.
* * * LOW HITPOINT WARNING * * *
Harold hits you from afar with a +1 trident of piercing!
* * * LOW HITPOINT WARNING * * *
You die...

.......... .........#
.........# .........#
.........# .#.....#.#
#######@# #c### #.@.###
###...# ##### ###>##
#...##### #...####
#.......######......#
#...###....(<..........
##...#########...####..
###รท# #...# . #.##
#...#


You could see Harold and a centaur.

Vanquished Creatures
  Pikel (D:7)
  A troll (D:7)
  Sigmund (D:6)
  Eustachio (D:5)
  3 wargs (D:7)
  Menkaure (D:6)
  A water moccasin (D:8)
  A phantom (D:4)
  An ice beast (D:6)
  3 ogres
  A big kobold (Sewer)
  2 bullfrogs
  A hornet simulacrum (D:8)
  6 crimson imps
  A bullfrog zombie (D:6)
  A jelly (D:7)
  6 hounds
  An orc priest (D:7)
  3 bullfrog skeletons
  A centaur skeleton (D:4)
  3 iguanas
  12 orc wizards
  5 worker ants
  A howler monkey zombie (D:8)
  A worker ant zombie (D:7)
  2 river rats (Sewer)
  9 adders
  3 shadow imps
  An adder skeleton (D:4)
  5 worms
  3 dart slugs (D:1)
  5 leopard geckos
  41 orcs
  A ball python (D:1)
  6 bats
  5 giant cockroaches
  11 hobgoblins
  6 jackals
  6 quokkas
  5 frilled lizards
  4 goblins
  12 kobolds
  2 quokka skeletons
  12 rats
198 creatures vanquished.

Vanquished Creatures (others)
  A howler monkey (D:7)
  An orc (D:7)
  2 plants (D:7)
4 creatures vanquished.

Grand Total: 202 creatures vanquished

Notes
Turn   | Place    | Note
-------+----------+-------------------------------------------
     0 | D:1      | Morbidden the Djinni Conjurer began the quest for the Orb.
     0 | D:1      | Reached XP level 1. HP: 14/14 MP: 4/4
   286 | D:1      | Reached XP level 2. HP: 20/20 MP: 1/6
   698 | D:1      | Reached skill level 5 in Conjurations
   887 | D:1      | Reached skill level 1 in Fighting
   887 | D:1      | Reached XP level 3. HP: 28/28 MP: 1/8
  2045 | D:2      | Reached skill level 4 in Spellcasting
  2045 | D:2      | Gained mutation: Your spells are harder to cast, but more
                  | powerful. [Djinni growth]
  2045 | D:2      | Gained mutation: You can translocate small distances at
                  | will. [Djinni growth]
  2045 | D:2      | Reached XP level 4. HP: 35/35 MP: 0/10
  2351 | D:2      | Learned a level 3 spell: Iskenderun's Mystic Blast
  3160 | D:2      | Reached XP level 5. HP: 40/40 MP: 9/12
  3544 | D:3      | Found a glowing drain.
  3567 | D:3      | Reached skill level 5 in Spellcasting
  3623 | Sewer    | Entered a sewer
  3841 | Sewer    | Reached XP level 6. HP: 44/48 MP: 9/14
  3938 | Sewer    | Found a glowing silver altar of Zin.
  4479 | D:3      | Found a shimmering blue altar of Sif Muna.
  4662 | D:3      | Found a hide-covered altar of Uskayaw.
  4738 | D:4      | Found a burning altar of Makhleb.
  5062 | D:4      | Reached skill level 6 in Spellcasting
  5082 | D:4      | Reached XP level 7. HP: 42/56 MP: 3/16
  5211 | D:4      | Reached skill level 1 in Short Blades
  5211 | D:4      | Reached skill level 1 in Armour
  5233 | D:4      | Reached skill level 7 in Spellcasting
  5463 | D:4      | Found a basalt altar of Yredelemnul.
  5626 | D:4      | Gained mutation: Your spells are much harder to cast, but
                  | much more powerful. [Djinni growth]
  5626 | D:4      | Reached XP level 8. HP: 63/63 MP: 6/19
  5896 | D:5      | Entered Level 5 of the Dungeon
  6174 | D:5      | Found Ulokisury's Distillery.
  6193 | D:5      | Bought a potion of flight for 45 gold pieces
  6342 | D:5      | Noticed Eustachio
  6345 | D:5      | Killed Eustachio
  6905 | D:6      | Noticed Menkaure
  6907 | D:6      | Killed Menkaure
  6907 | D:6      | Reached skill level 8 in Spellcasting
  7038 | D:6      | Noticed Sigmund
  7039 | D:6      | Killed Sigmund
  7051 | D:6      | Reached skill level 1 in Shields
  7246 | D:6      | Reached skill level 9 in Spellcasting
  7506 | D:6      | Found Zoothruix's Assorted Antiques.
  7540 | D:6      | Found a shimmering altar of Xom.
  7610 | D:6      | Found a shimmering altar of Xom.
  7612 | D:6      | Found a shimmering altar of Xom.
  7612 | D:6      | Found a shimmering altar of Xom.
  7613 | D:6      | Found a shimmering altar of Xom.
  7614 | D:6      | Found a shimmering altar of Xom.
  8008 | D:7      | Reached XP level 9. HP: 72/72 MP: 14/22
  8065 | D:7      | Found a staircase to the Ecumenical Temple.
  8148 | D:7      | Noticed a troll
  8290 | D:7      | Noticed Pikel
  8293 | Temple   | Entered the Ecumenical Temple
  8821 | D:7      | Killed a troll
  8885 | D:7      | Killed Pikel
  8885 | D:7      | Reached skill level 10 in Spellcasting
  9022 | D:7      | Reached skill level 5 in Fighting
  9201 | D:7      | Found a staircase to the Lair.
  9272 | D:7      | Found a sparkling altar of Nemelex Xobeh.
  9323 | D:7      | Found an iron altar of Okawaru.
  9516 | D:7      | Found a glowing golden altar of the Shining One.
  9525 | D:7      | Found a hazy altar of Hepliaklqana.
  9720 | D:8      | Noticed Harold
  9748 | D:8      | HP: 3/74 [Harold/+1 trident of piercing (10)]
  9748 | D:8      | Slain by Harold

Skill      XL: |  1  2  3  4  5  6  7  8  9 |
---------------+----------------------------+-----
Conjurations   | 5 6 7 8 9 |  9.7
Fighting       | 1 2 3 4 5 |  5.3
Spellcasting   | 4 5 6 7 9 10 | 10.7
Short Blades   | 1 2 3 |  3.0
Armour         | 1 2 3 |  3.4
Shields        | 1 3 |  3.0
Dodging        | 3 |  3.2
Long Blades    | |  0.1
Maces & Flails | |  0.4
Stealth        | |  1.5
Unarmed Combat | |  0.3

Action                   |  1- 3 |  4- 6 |  7- 9 || total
-------------------------+-------+-------+-------++-------
Melee: Unarmed           |    10 |       |       ||    10
       Falchion          |       |     4 |       ||     4
       Flail             |       |    38 |       ||    38
       Short sword       |       |    31 |   116 ||   147
 Cast: Magic Dart        |    91 |   175 |   202 ||   468
       Iskenderun's Myst |       |     3 |    39 ||    42
  Use: Scroll            |       |    10 |     1 ||    11
       Potion            |       |     4 |     5 ||     9
  Eat: Chunk             |     3 |    10 |    11 ||    24
       Ration            |       |       |     1 ||     1
Armor: Robe              |     4 |    12 |       ||    16
       Ring mail         |       |    20 |    61 ||    81
Dodge: Dodged            |    11 |    77 |   102 ||   190
Block: Buckler           |       |       |    20 ||    20
